 Dungeon Crawl Stone Soup version 0.32-a0-599-gba8f9cf (webtiles) character file.

Game seed: 320265964931385502

476 Ray the Slasher (level 7, -6/50 HPs)
             Began as a Coglin Warper on Mar 3, 2024.
             Killed from afar by a white imp (10 damage)
             ... with a puff of frost
             ... on level 6 of the Dungeon.
             The game lasted 00:05:29 (3511 turns).

Ray the Slasher (Coglin Warper)                     Turns: 3511, Time: 00:05:29

Health: -6/50      AC:  3    Str: 11    XL:     7   Next: 10%
Magic:  7/9        EV: 12    Int: 13    God:
Gold:   189        SH:  0    Dex: 15    Spells: 5/9 levels left

rFire   . . .        a - +0 falchion {Lin}
rCold   . . .        i - +0 short sword {Wu}
rNeg    . . .        e - +1 robe {Will+}
rPois   .            (no helmet)
rElec   .            (no cloak)
rCorr   .            (no gloves)
SInv    .            (no boots)
Will    +....        (amulet unavailable)
Stlth   +            (ring unavailable)
HPRegen 0.28/turn    (ring unavailable)
MPRegen 0.11/turn    (no gizmo)

%: no passive effects
@: on blink cooldown
A: off-hand wielding, slow wielding, warmup strikes, no jewellery
a: Invent Gizmo


You were on level 6 of the Dungeon.
You visited 1 branch of the dungeon, and saw 6 of its levels.

You collected 189 gold pieces.

Inventory:

Hand Weapons
 a - a +0 falchion (weapon) {Lin}
 i - a +0 short sword (offhand) {Wu}
Missiles
 d - 7 darts of dispersal
 g - 4 poisoned darts (quivered)
Armour
 e - a +1 robe of willpower (worn)
Scrolls
 c - 2 scrolls of blinking
 k - 2 scrolls of teleportation
 m - 2 scrolls of immolation {!r!r}
Potions
 b - a potion of attraction
 f - a potion of ambrosia {unknown}
 h - a potion of haste {unknown}
 j - a potion of heal wounds
 l - a potion of resistance {unknown}


   Skills:
 - Level 2.0 Fighting
 * Level 7.5 Long Blades
 - Level 0.8 Throwing
 - Level 0.8 Armour
 - Level 1.7 Dodging
 - Level 1.7 Spellcasting
 - Level 3.0 Translocations


You had 5 spell levels left.
You knew the following spells:

 Your Spells              Type           Power      Damage    Failure   Level
a - Blink                 Tloc           16%        N/A       12%         2
b - Lesser Beckoning      Tloc           16%        N/A       12%         2

Your spell library contained the following spells:

 Spells                   Type           Power      Damage    Failure   Level
 Teleport Other           Tloc           8%         N/A       22%         3
 Call Imp                 Summ           2%         N/A       36%         2
 Sublimation of Blood     Necr           1%         N/A       36%         2
 Manifold Assault         Tloc           8%         N/A       58%         4
 Vhi's Electric Charge    Tloc/Air       10%        N/A       80%         4
 Animate Dead             Necr           1%         N/A       95%         4
 Summon Forest            Summ/Tloc      2%         N/A       98%         5
 Summon Mana Viper        Hex/Summ       1%         N/A       100%        5
 Summon Cactus Giant      Summ           0%         N/A       100%        6
 Haunt                    Necr/Summ      0%         N/A       100%        7
 Summon Hydra             Summ           0%         N/A       100%        7
 Infestation              Necr           0%         N/A       100%        8


Dungeon Overview and Level Annotations

Branches:
Dungeon (6/15)
 Temple: D:4-7

Altars:
Dithmenos
Kikubaaqudgha
Xom

Shops:
D:2 (*[

Annotations:
D:5 Menkaure


Innate Abilities, Weirdness & Mutations

You can wield a second weapon in your off-hand.
It takes a long time for you to wield or remove held weapons.
Your first few attacks do less damage.
You cannot equip rings or amulets.


Message History

There is a stone staircase leading down here.
You are too injured to fight recklessly!
You are too injured to fight recklessly!
You hit the hound but do no damage.
The hound is severely wounded.
You hit the hound but do no damage.
You feel sick. The hound barely misses you. The adder misses you.
The hound barely misses you.
You hit the hound with your +0 falchion.
The hound is almost dead.
You barely miss the hound with your +0 short sword.
You feel sick. The adder barely misses you. The hound closely misses you.
You hit the hound with your +0 falchion.
You kill the hound!
The adder bites you.
* * * LOW HITPOINT WARNING * * *
You are more poisoned.
The adder poisons you!
You hit the adder with your +0 short sword.
The adder is moderately wounded.
You slash the adder with your +0 falchion!
You kill the adder!
You feel sick.
You feel sick.
You feel sick.
You feel sick.
The water moccasin hisses angrily.
You feel sick.
You feel sick.
There is a stone staircase leading up here.
Okay, then.
Casting: Blink (safe; 12% risk of failure)
Confirm with . or Enter, or press ? or * to list all spells.
You blink.
You feel sick.
You feel sick.
You are no longer poisoned.
There is a stone staircase leading down here.
You climb downwards.
The white imp gestures at you. The puff of frost hits you!
You die...

#..)..>#
#.(....+
#......#
#.{....#
#......#
#......#
#..##.##
####..#########
#..........@..#
#....o.5......#
#.............#
#.....##.....##
#.....##.....#
#......#......#
##....##......#
#######......#
.......#


You could see an orc wizard and a white imp.

Vanquished Creatures
  2 scorpions
  A bombardier beetle (D:4)
  2 hounds (D:5)
  A jelly (D:5)
  An iguana (D:5)
  A gnoll (D:5)
  12 adders
  A ribbon worm (D:5)
  5 dart slugs
  4 orcs
  5 endoplasms
  5 giant cockroaches
  8 hobgoblins
  7 jackals
  6 quokkas
  7 ball pythons
  3 bats
  A frilled lizard (D:2)
  7 goblins
  2 kobolds
  4 rats
85 creatures vanquished.

Vanquished Creatures (others)
  An ogre (D:5)
1 creature vanquished.

Grand Total: 86 creatures vanquished

Notes
Turn   | Place    | Note
-------+----------+-------------------------------------------
     0 | D:1      | Ray the Coglin Warper began the quest for the Orb.
     0 | D:1      | Reached XP level 1. HP: 16/16 MP: 3/3
   174 | D:1      | Reached XP level 2. HP: 22/22 MP: 4/4
   223 | D:1      | Learned a level 2 spell: Blink
   308 | D:1      | Reached skill level 3 in Long Blades
   538 | D:2      | Found Istiaptocai's Antique Weapon Boutique.
   545 | D:2      | Reached XP level 3. HP: 27/27 MP: 5/5
   568 | D:2      | Found Quokib's General Store.
   698 | D:2      | Learned a level 2 spell: Lesser Beckoning
   700 | D:2      | Found Bodos's Armour Shoppe.
   871 | D:2      | Reached skill level 4 in Long Blades
   910 | D:2      | Reached XP level 4. HP: 29/33 MP: 6/6
  1564 | D:3      | Found an ancient bone altar of Kikubaaqudgha.
  1698 | D:3      | Reached skill level 5 in Long Blades
  1852 | D:4      | Reached XP level 5. HP: 38/38 MP: 7/7
  2048 | D:4      | Found a shadowy altar of Dithmenos.
  2313 | D:4      | Reached skill level 6 in Long Blades
  2317 | D:4      | Reached XP level 6. HP: 44/44 MP: 8/8
  2798 | D:5      | Entered Level 5 of the Dungeon
  2962 | D:5      | Noticed a water moccasin
  3021 | D:5      | Reached skill level 7 in Long Blades
  3068 | D:5      | Found a shimmering altar of Xom.
  3359 | D:5      | Reached XP level 7. HP: 50/50 MP: 9/9
  3359 | D:5      | Noticed Menkaure
  3511 | D:6      | Killed from afar by a white imp

Illustrated notes

Levels and vault maps discovered:
D:1:      orjb1_clovarrival, layout_rooms
D:2:      layout_basic, serial_shops, nicolae_shop_advertising_works
          [nicolae_subvault_shop_adworks], shop, shop,
          chequers_serial_rivers_room_a
D:3:      layout_basic, nicolae_overflow_hidden_temple
D:4:      layout_cave_pods, kennysheep_mini, minmay_unequal
D:5:      layout_cave_pools, xom_confusion_cloud, uniq_menkaure
D:6:      layout_gridville, minitemple

Skill      XL: |  1  2  3  4  5  6 |
---------------+-------------------+-----
Long Blades    | 3 4 5 6 7 |  7.5
Fighting       | |  2.0
Throwing       | |  0.8
Armour         | |  0.8
Dodging        | |  1.7
Spellcasting   | |  1.7
Translocations | |  3.0

Action                     |  1- 3 |  4- 6 |  7- 9 || total
---------------------------+-------+-------+-------++-------
  Melee: Falchion          |    62 |   107 |    12 ||   181
         Dagger            |     8 |       |       ||     8
         Short sword       |    51 |    95 |    10 ||   156
  Throw: Dart              |     1 |    71 |     4 ||    76
   Cast: Blink             |       |     1 |     1 ||     2
    Use: Scroll            |     2 |     5 |       ||     7
         Potion            |       |     1 |       ||     1
   Stab: Sleeping          |     3 |     1 |       ||     4
 Armour: Leather armour    |    20 |       |       ||    20
         Robe              |    13 |    64 |    14 ||    91
  Dodge: Dodged            |    41 |    61 |    18 ||   120

Table legend: (Time is in decaauts)
 A = Elapsed time spent in this place.
 B = Non-inter-level travel time spent in this place.
 C = Inter-level travel time spent in this place.
 D = Time resting spent in this place.
 E = Time spent auto-exploring this place.
 F = Levels seen in this place.
 G = Mean time per level.
                   A        B        C        D        E       F      G
               +--------+--------+--------+--------+--------+-----+--------+
         Total |   3519 |   3376 |    143 |    731 |   2013 |   6 |  586.5 |
       Dungeon |   3519 |   3376 |    143 |    731 |   2013 |   6 |  586.5 |
               +--------+--------+--------+--------+--------+-----+--------+

Top non-repeatable levels by time:
     D:4: 1302 daAuts
     D:2: 855 daAuts
     D:3: 597 daAuts
     D:1: 411 daAuts
     D:5: 321 daAuts
     D:6: 30 daAuts
